Map: Triton LE

Players

lllllllllll (sOs) - Winner!

  • Race: Protoss Protoss
  • League: Grandmaster
  • Spawn Location: 5:00

RiSky

  • Race: Zerg Zerg
  • Spawn Location: 11:00

VOD

Have the link to the VOD?

Description

Time

  • Played on: Jan. 15, 2020, 5:51 a.m.
  • Length: 11:21
Show
View Real Time Build Order
Export as new Build Order

lllllllllll Protoss - Winner!

Build Orders: 1 Gate Expand, Archon Immortal 

Get SALT Encoding   

  12  0:00  Probe  
  13  0:13  Probe  
  14  0:18  Pylon  
  14  0:25  Probe (Chrono Boost)  
  15  0:37  Probe (Chrono Boost)  
  15  0:39  Gateway  
  16  0:45  Probe (Chrono Boost)  
  16  0:48  Assimilator  
  17  0:51  Probe  
  18  1:03  Probe  
  19  1:15  Probe  
  20  1:26  Cybernetics Core  
  20  1:35  Nexus  
  20  1:38  Probe  
  21  1:44  Pylon  
  21  1:50  Probe  
  21  1:52  Assimilator  
  22  2:00  Adept (Chrono Boost)  
  22  2:02  Probe  
  22  2:04  Warp Gate (Chrono Boost)  
  25  2:14  Probe  
  26  2:22  Stalker  
  26  2:26  Probe  
  29  2:37  Gateway  
  29  2:39  Gateway  
  29  2:42  Probe (Chrono Boost)  
  30  2:47  Probe (Chrono Boost)  
  31  2:54  Probe (Chrono Boost)  
  31  2:56  Probe (Chrono Boost), Adept  
  35  2:59  Probe (Chrono Boost)  
  35  3:02  Probe  
  37  3:08  Probe  
  38  3:17  Robotics Facility  
  38  3:18  Probe  
  39  3:20  Probe  
  39  3:23  Pylon  
  40  3:30  Probe  
  40  3:32  Probe  
  40  3:34  Pylon  
  40  3:38  Pylon  
  30  3:49  Pylon  
  30  3:51  Adept, Sentry  
  30  3:55  Sentry  
  34  3:56  Probe  
  35  4:06  Phoenix  
  35  4:09  Probe x2  
  36  4:14  Sentry  
  37  4:18  Observer  
  37  4:20  Sentry  
  37  4:21  Probe (Chrono Boost)  
  42  4:26  Probe (Chrono Boost)  
  43  4:32  Probe (Chrono Boost)  
  43  4:36  Probe (Chrono Boost)  
  43  4:37  Probe (Chrono Boost)  
  44  4:45  Probe, Sentry  
  44  4:48  Probe  
  48  4:56  Warp Prism  
  48  4:57  Probe  
  51  5:00  Probe  
  51  5:05  Forge  
  51  5:07  Twilight Council  
  52  5:10  Probe  
  52  5:14  Adept x3  
  59  5:22  Probe x2  
  59  5:25  Assimilator  
  59  5:26  Assimilator  
  61  5:43  Protoss Ground Weapons Level 1 (Chrono Boost)  
  61  5:44  Adept x3  
  61  5:45  Probe x2  
  69  5:56  Immortal (Chrono Boost)  
  73  6:00  Pylon  
  73  6:01  Probe x2  
  75  6:13  Charge  
  75  6:19  Adept x3  
  75  6:22  Probe  
  75  6:24  Pylon  
  82  6:31  Immortal (Chrono Boost)  
  84  6:52  Probe  
  84  6:53  Probe  
  80  6:54  Gateway  
  80  6:56  Gateway, Zealot x3  
  80  6:57  Gateway, Templar Archives  
  86  7:03  Immortal (Chrono Boost)  
  86  7:07  Pylon  
  90  7:15  Pylon  
  90  7:26  Pylon  
  88  7:37  Nexus  
  88  7:39  High Templar, Immortal (Chrono Boost)  
  88  7:40  High Templar  
  96  7:47  Archon  
  96  7:53  Gateway  
  96  7:54  High Templar x2  
  96  7:55  Zealot  
  96  7:57  Gateway  
  102  7:58  Archon  
  102  8:07  Observer  
  102  8:15  Immortal (Chrono Boost)  
  106  8:20  Protoss Ground Weapons Level 2 (Chrono Boost)  
  106  8:21  Pylon  
  106  8:23  Probe x2, Pylon  
  108  8:38  Shield Battery  
  108  8:40  Shield Battery  
  108  8:41  High Templar, Shield Battery  
  108  8:42  Shield Battery  
  108  8:43  High Templar  
  108  8:48  Archon, Zealot x3  
  118  8:57  Immortal  
  122  9:09  Zealot x3  
  122  9:24  Zealot x5  
  112  9:30  Zealot  
  112  9:31  Zealot x2  
  110  9:45  Pylon  
  110  9:49  Probe x3  
  110  9:51  High Templar x4  
  110  9:52  Zealot x2  
  125  9:53  Zealot  
  125  9:55  Archon x2  
  125  9:57  Zealot  
  129  10:05  Pylon  
  129  10:14  Zealot x4  
  129  10:20  Zealot x3  
  135  10:35  Zealot x5  
  91  10:56  Sentry x2, Zealot x3  
  91  10:57  Zealot x2  
  105  11:14  High Templar  
  107  11:17  Assimilator  
  107  11:18  Assimilator  
Show
View Real Time Build Order
Export as new Build Order

RiSky Zerg 

Build Orders: Hatch First 

Get SALT Encoding   

  12  0:00  Drone  
  13  0:12  Overlord  
  13  0:16  Drone  
  14  0:30  Drone x2  
  16  0:47  Hatchery  
  15  0:50  Drone  
  15  0:54  Drone  
  17  0:57  Drone  
  18  1:10  Extractor  
  17  1:14  Spawning Pool  
  17  1:17  Drone  
  17  1:21  Drone  
  18  1:27  Drone  
  19  1:40  Drone  
  20  1:50  Overlord  
  20  2:00  Queen  
  20  2:01  Zergling x2, Queen  
  24  2:02  Zergling x2  
  26  2:11  Drone x2  
  26  2:14  Metabolic Boost  
  28  2:21  Zergling x4  
  30  2:32  Zergling x4  
  32  2:42  Hatchery  
  31  2:45  Zergling x2  
  31  2:49  Zergling x2  
  33  2:53  Zergling x4  
  34  3:04  Zergling x2  
  35  3:11  Overlord  
  35  3:31  Zergling x12  
  37  3:43  Zergling x10  
  40  3:50  Zergling x2  
  40  3:56  Zergling x10  
  45  4:05  Drone  
  45  4:07  Drone  
  45  4:08  Drone  
  47  4:15  Overlord  
  47  4:16  Overlord  
  46  4:18  Roach Warren, Overlord  
  46  4:20  Overlord  
  44  4:26  Overlord  
  43  4:37  Drone  
  44  4:40  Drone  
  44  4:41  Drone  
  44  4:42  Drone x2  
  44  4:45  Drone  
  45  4:50  Drone x2  
  45  4:51  Drone  
  45  4:53  Drone x2  
  45  4:54  Drone x2  
  45  4:57  Drone  
  45  4:59  Drone  
  52  5:00  Drone  
  52  5:03  Drone  
  52  5:05  Drone x2  
  55  5:10  Extractor  
  55  5:12  Drone x2  
  55  5:13  Extractor  
  55  5:17  Drone  
  55  5:20  Drone  
  56  5:21  Drone  
  56  5:22  Drone x2  
  56  5:23  Drone  
  56  5:24  Drone x2  
  56  5:25  Drone  
  63  5:30  Roach x2  
  63  5:35  Roach  
  69  5:40  Roach  
  71  5:43  Lair, Roach  
  71  5:45  Queen  
  75  5:52  Overlord  
  75  5:54  Roach x3  
  75  5:55  Overlord  
  81  5:58  Overlord  
  81  6:04  Overlord  
  81  6:08  Evolution Chamber  
  80  6:12  Drone x3  
  80  6:13  Drone x2  
  80  6:16  Drone  
  85  6:26  Drone  
  85  6:31  Drone  
  84  6:35  Drone  
  84  6:37  Drone x6  
  89  6:45  Drone  
  87  6:47  Glial Reconstitution  
  87  6:48  Drone  
  87  6:50  Drone  
  87  6:51  Zerg Missile Weapons Level 1  
  87  6:52  Overseer  
  86  6:58  Roach x2, Queen  
  86  7:01  Extractor, Overlord  
  91  7:02  Extractor  
  91  7:08  Roach x2  
  94  7:12  Roach  
  96  7:20  Roach x5  
  105  7:25  Roach x3  
  105  7:29  Roach  
  109  7:34  Roach x2  
  111  7:40  Roach  
  111  7:43  Roach x2  
  117  7:46  Overlord x2  
  117  7:47  Overlord x2  
  117  7:52  Roach  
  117  7:53  Roach  
  121  8:00  Overlord x2  
  121  8:04  Ravager  
  121  8:05  Ravager x5  
  127  8:08  Roach x3  
  127  8:10  Roach  
  127  8:11  Roach  
  137  8:13  Roach  
  137  8:15  Roach  
  137  8:18  Roach x2  
  144  8:22  Roach x2  
  148  8:27  Roach x3  
  148  8:30  Roach  
  148  8:31  Roach  
  148  8:34  Roach  
  160  8:37  Roach  
  160  8:39  Roach x2  
  166  8:42  Roach x2  
  166  8:46  Overlord  
  166  8:48  Overlord  
  170  8:51  Hatchery  
  170  8:52  Overlord  
  169  8:56  Overlord  
  169  9:02  Overlord  
  169  9:08  Roach x7  
  183  9:13  Roach x2  
  174  9:22  Roach x2  
  147  9:24  Roach  
  147  9:25  Roach x3  
  147  9:28  Roach  
  147  9:31  Roach x2  
  131  9:36  Roach x2  
  118  9:43  Roach x2  
  118  9:44  Ravager x3  
  125  9:49  Roach x2  
  125  9:51  Ravager  
  130  9:55  Roach x2  
  130  9:56  Roach  
  130  9:58  Roach  
  138  10:00  Overseer  
  138  10:02  Zergling x4  
  138  10:04  Zergling x2  
  138  10:06  Zergling x4  
  143  10:15  Roach x2  
  143  10:16  Roach x2  
  143  10:19  Roach  
  143  10:20  Zergling x2  
  150  10:24  Zergling x4  
  145  10:30  Roach x2  
  145  10:33  Zergling x2  
  145  10:34  Zergling x2  
  125  10:41  Zergling x8  
  104  10:45  Zergling x4  
  104  10:49  Zergling x2  
  91  10:50  Zergling x2  
Tags
 
Add a new tag
Caveats
  • Supply blocks, unpowered buildings, or Contaminate may cause inaccurate times.
  • Supply counts are checked every 10 seconds.